[Event "Team 45 45 League T60"]
[Site "Internet Chess Club"]
[Date "2014.03.21"]
[Round "4"]
[White "smsxman"]
[Black "lemanofzorn"]
[Result "0-1"]
[WhiteElo "1405"]
[BlackElo "1524"]
[Opening "Caro-Kann defense"]
[ECO "B10"]
[Time "12:00:35"]
[TimeControl "2700+45"]

1. e4 c6 2. Nf3 d5 3. exd5 cxd5 4. d4 Nf6 5. Nc3 Nc6 6. Bb5 Bg4 7. O-O e6 8. Bg5
Bd6 9. Bxc6+ bxc6 10. h3 Bh5 11. Qd3 O-O 12. Ne5 Rc8 13. Qa6 Bb8 14. Nxc6 Bh2+
15. Kxh2 Qd6+ 16. Kg1 Rxc6 17. Qxa7 Rb6 18. Qa3 Qc6 19. Bxf6 gxf6 20. Qc5 Qb7
21. Na4 Ra6 22. b3 Rc8 23. Qa3 Be2 24. Rfe1 Bb5 25. Nc5 Rxa3 26. Nxb7 Rxc2 27.
Rec1 Raxa2 28. Rxc2 Rxa1+ 29. Kh2 Bd3 30. Rb2 e5 31. dxe5 fxe5 32. Nc5 Bf5 33.
b4 Kf8 34. g4 Bc8 35. f3 f6 36. Kg3 Rg1+ 37. Kf2 Rd1 38. Kg3 Rd4 39. b5 Rc4 40.
Na6 Ke7 41. Nb4 Kd6 42. b6 Bb7 43. Nc2 d4 44. Ne1 Rc3 45. Kf2 Kc5 46. h4 Kc6 47.
Ke2 Ba6+ 48. Kd2 Kb7 49. g5 Rc6 50. gxf6 Rxf6 51. Nd3 Bxd3 52. Kxd3 Rxf3+ 53.
Ke4 Re3+ 54. Kd5 d3 55. h5 Re2 56. Rb1 d2 57. Rd1 e4 58. Kd4 e3 59. Kd3 Re1 60.
Kc2 Rxd1 61. Kxd1 Kxb6 62. h6 Kc5 {White resigns} 0-1

[Event "Team 45 45 League T60"]
[Site "Internet Chess Club"]
[Date "2014.03.25"]
[Round "4"]
[White "Grenadier"]
[Black "jonesey"]
[Result "0-1"]
[WhiteElo "1640"]
[BlackElo "1912"]
[Opening "Vienna game"]
[ECO "C26"]
[Time "16:30:29"]
[TimeControl "2700+45"]

1. e4 e5 2. Nc3 Nf6 3. Bc4 Bc5 4. d3 Nc6 5. f4 d6 6. Nf3 a6 7. Qe2 Bg4 8. Be3
Nd4 9. Bxd4 Bxd4 10. h3 Nh5 11. O-O-O Ng3 12. Qd2 Bxf3 13. gxf3 Nxh1 14. Rxh1
Qh4 15. Ne2 Qf2 16. Nxd4 Qxd2+ 17. Kxd2 exd4 18. Rg1 g6 19. a4 Ke7 20. Ra1 a5
21. Rb1 Rhb8 22. Rg1 c6 23. Kc1 b5 24. Bb3 Rb6 25. h4 Rab8 26. h5 bxa4 27. Bxa4
Rxb2 28. Bb3 R8xb3 29. cxb3 Rxb3 30. Kc2 Rc3+ 31. Kd2 gxh5 32. Rh1 Rc5 33. f5
Kf8 34. Rxh5 Kg7 35. f4 a4 36. Rh1 a3 37. f6+ Kxf6 38. Rxh7 a2 39. Rh1 Rh5 40.
Ra1 Rh2+ 41. Kc1 c5 42. f5 Rg2 {White resigns} 0-1

[Event "Team 45 45 League T60"]
[Site "Internet Chess Club"]
[Date "2014.03.22"]
[Round "4"]
[White "gcl"]
[Black "bmw2002"]
[Result "1-0"]
[WhiteElo "1744"]
[BlackElo "1573"]
[Opening "Caro-Kann: classical variation"]
[ECO "B18"]
[Time "16:08:53"]
[TimeControl "2700+45"]

1. e4 c6 2. d4 d5 3. Nc3 dxe4 4. Nxe4 Bf5 5. Ng3 Bg6 6. Bc4 Nf6 7. N1e2 e6 8.
O-O Bd6 9. f4 O-O 10. f5 exf5 11. Nxf5 Na6 12. Nxd6 Qxd6 13. Bxa6 bxa6 14. Ng3
Rad8 15. c3 Nd5 16. Nf5 Qe6 17. Qf3 Rfe8 18. Bd2 Qe2 19. Rad1 Qxf3 20. Rxf3 Bh5
21. c4 Bxf3 22. gxf3 Nf6 23. Ba5 Rd7 24. Kf2 g6 25. Ne3 Rde7 26. Rd3 Nh5 27. Bb4
Re6 28. d5 cxd5 29. cxd5 Rb6 30. Bc3 Kf8 31. d6 Rd8 32. Nc4 Rc6 33. b3 Nf4 34.
Rd2 Ne6 35. Bf6 Rd7 36. Be7+ Ke8 37. Ne5 Rxe7 38. Nxc6 Rb7 39. Ne5 f6 40. d7+
Kd8 41. Nc6+ Kc7 42. d8=Q+ Nxd8 43. Nxd8 Rb5 44. Ne6+ Kb6 45. Nf8 Rh5 46. Ke3
Kc6 47. f4 a5 48. Ne6 h6 49. Ke4 Rb5 50. Nd4+ {Black resigns} 1-0

[Event "Team 45 45 League T60"]
[Site "Internet Chess Club"]
[Date "2014.03.24"]
[Round "4"]
[White "BrerRabbit"]
[Black "parrot9"]
[Result "0-1"]
[WhiteElo "1478"]
[BlackElo "1690"]
[Opening "Queen's pawn game"]
[ECO "D05"]
[Time "15:01:00"]
[TimeControl "2700+45"]

1. d4 d5 2. Nf3 Nf6 3. e3 e6 4. Bd3 Be7 5. Nbd2 a6 6. O-O O-O 7. c3 Nbd7 8. Re1
c5 9. e4 dxe4 10. Nxe4 Nxe4 11. Bxe4 Nf6 12. Bc2 b5 13. Bf4 Bb7 14. dxc5 Qxd1
15. Raxd1 Bxf3 16. gxf3 Bxc5 17. Bd6 Bxd6 18. Rxd6 Rfd8 19. Red1 Nd5 20. Rxd8+
Rxd8 21. Be4 Kf8 22. Rd4 Ke7 23. Bxd5 Rxd5 24. Rxd5 exd5 25. Kf1 Kd6 26. Ke2 Ke5
27. Ke3 g5 28. b3 h5 29. h3 a5 30. a4 bxa4 31. bxa4 f5 32. Kd3 f4 33. Kd2 Kd6
34. Kc2 Kc5 35. Kd3 h4 36. Kd2 Kc4 37. Kc2 d4 38. cxd4 Kxd4 39. Kd2 Kc4 40. Kc2
Kb4 41. Kd3 Kxa4 42. Ke4 Kb3 43. Kf5 a4 44. Kxg5 a3 45. Kxh4 a2 46. Kg4 a1=Q
{White resigns} 0-1

[Event "Team 45 45 League T60"]
[Site "Internet Chess Club"]
[Date "2014.03.23"]
[Round "4"]
[White "rkaebi"]
[Black "zepled37"]
[Result "0-1"]
[WhiteElo "1376"]
[BlackElo "1634"]
[Opening "Sicilian defense"]
[ECO "B44"]
[Time "08:06:16"]
[TimeControl "2700+45"]

1. e4 c5 2. Nf3 e6 3. d4 cxd4 4. Nxd4 Nc6 5. Be2 Nf6 6. Bg5 Qa5+ 7. Bd2 Qb6 8.
Nxc6 bxc6 9. e5 Ne4 10. Be3 Qa5+ 11. Nd2 Qxe5 12. Nxe4 Qxe4 13. O-O Be7 14. Bd3
Qb4 15. b3 Bf6 16. Rb1 Bc3 17. Bc1 d5 18. a3 Qd6 19. Qf3 Be5 20. h3 O-O 21. Re1
Bf6 22. b4 e5 23. Qd1 Rd8 24. Bb2 e4 25. Bxf6 Qxf6 26. Be2 Qg5 27. Rb3 f5 28.
Rg3 Qf6 29. Qd2 f4 30. Rc3 Rd6 31. f3 e3 32. Rxe3 fxe3 33. Qxe3 Re6 34. Qc5 Qe7
35. Qxe7 Rxe7 36. c4 d4 37. Kf2 d3 {White resigns} 0-1

[Event "Team 45 45 League T60"]
[Site "Internet Chess Club"]
[Date "2014.03.21"]
[Round "4"]
[White "Pomberito"]
[Black "kyoroogi"]
[Result "0-1"]
[WhiteElo "2144"]
[BlackElo "2224"]
[Opening "Benkö gambit accepted"]
[ECO "A58"]
[Time "18:00:23"]
[TimeControl "2700+45"]

1. d4 Nf6 2. c4 c5 3. d5 b5 4. cxb5 a6 5. bxa6 g6 6. Nc3 Bxa6 7. Nf3 d6 8. h4
Bg7 9. e4 Bxf1 10. Kxf1 Nbd7 11. g3 O-O 12. h5 Nxh5 13. Rxh5 gxh5 14. Nh4 e6 15.
dxe6 fxe6 16. Qxd6 Qf6 17. f4 Ne5 18. Kg2 Ng6 19. Nxg6 Qxg6 20. Qxc5 h4 21. Qe3
hxg3 22. Qxg3 Qxg3+ 23. Kxg3 Bxc3 24. bxc3 Rfc8 25. Bd2 Rd8 26. Be1 Rd3+ 27. Kf2
Ra3 28. Ke2 Rh3 29. Bd2 Kf7 30. f5 exf5 31. exf5 Kf6 32. Be3 Kxf5 33. Kd3 h5 34.
Rf1+ Ke6 35. Rf2 Kd5 36. Rb2 h4 37. Rb5+ Ke6 38. Rb6+ Kf5 39. Rb5+ Kg4 40. Rg5+
Kf3 41. Rf5+ Kg2 42. Rf2+ Kg3 43. Rc2 Rh1 44. Ke4 Re1 45. Kd4 Rd1+ 46. Ke4 h3
47. Bf4+ Kg4 48. Bh2 Ra1 49. c4 R3xa2 50. Rxa2 Rxa2 51. Bd6 h2 52. Bxh2 Rxh2 53.
c5 Rc2 54. Kd5 Kf5 {White resigns} 0-1

[Event "Team 45 45 League T60"]
[Site "Internet Chess Club"]
[Date "2014.03.22"]
[Round "4"]
[White "Otelo"]
[Black "LuxAeterna"]
[Result "0-1"]
[WhiteElo "1880"]
[BlackElo "2088"]
[Opening "Caro-Kann: classical variation"]
[ECO "B18"]
[Time "18:00:22"]
[TimeControl "2700+45"]

1. e4 c6 2. d4 d5 3. Nd2 dxe4 4. Nxe4 Bf5 5. Ng3 Bg6 6. Bc4 e6 7. N1e2 Nf6 8.
Nf4 Bd6 9. c3 Qc7 10. Qf3 Nbd7 11. O-O O-O 12. Nxg6 hxg6 13. Bg5 c5 14. dxc5
Qxc5 15. Bb3 Qxg5 16. Qxb7 Nc5 17. Qc6 Bxg3 18. hxg3 Rac8 19. Qf3 Rb8 20. Qe2
Nxb3 21. axb3 Rxb3 22. Rxa7 Qb5 23. Qxb5 Rxb5 24. b4 Rc8 25. Ra3 Nd5 {White
resigns} 0-1

[Event "Team 45 45 League T60"]
[Site "Internet Chess Club"]
[Date "2014.03.23"]
[Round "4"]
[White "Heian"]
[Black "alexping"]
[Result "0-1"]
[WhiteElo "1782"]
[BlackElo "1860"]
[Opening "French: advance, Paulsen attack"]
[ECO "C02"]
[Time "20:32:40"]
[TimeControl "2700+45"]

1. e4 e6 2. d4 d5 3. e5 c5 4. c3 Nc6 5. Nf3 cxd4 6. cxd4 f6 7. Nc3 Bb4 8. a3
Bxc3+ 9. bxc3 fxe5 10. Nxe5 Nxe5 11. dxe5 Qc7 12. Bb5+ Bd7 13. Bxd7+ Qxd7 14.
O-O Ne7 15. Qf3 Nf5 16. g4 Ne7 17. Be3 h5 18. h3 Nc6 19. Bd4 hxg4 20. hxg4 O-O-O
21. Kg2 Qe7 22. Qe3 Rh4 23. f3 Rdh8 24. Kf2 Rh2+ 25. Ke1 b6 26. a4 Rb2 27. Qc1
Rhh2 28. Bf2 Nxe5 29. Qe3 Qf6 30. Bg3 Nc4 31. g5 Rbe2+ 32. Qxe2 Qxc3+ 33. Kd1
Qxa1+ 34. Kc2 Qb2+ 35. Kd3 Rxe2 36. Bf4 Rd2+ 37. Bxd2 Qxd2# {White checkmated}
0-1

[Event "Team 45 45 League T60"]
[Site "Internet Chess Club"]
[Date "2014.03.22"]
[Round "4"]
[White "bobhill"]
[Black "isolani"]
[Result "1-0"]
[WhiteElo "1942"]
[BlackElo "1659"]
[Opening "Queen's bishop game"]
[ECO "D02"]
[Time "09:04:27"]
[TimeControl "2700+45"]

1. d4 d5 2. Nf3 Nf6 3. Bf4 Nh5 4. Bg5 h6 5. Bh4 g5 6. Bg3 Nxg3 7. hxg3 Bf5 8.
Nxg5 Bg7 9. Nf3 Qd6 10. c3 Nc6 11. e3 O-O-O 12. Na3 e5 13. Nb5 Qe6 14. dxe5 Nxe5
15. Nxa7+ Kb8 16. Nd4 Nd3+ 17. Bxd3 Bxd4 18. cxd4 Kxa7 19. Bxf5 Qxf5 20. Rc1 Kb8
21. Rc5 Qe4 22. O-O Rd6 23. Qa4 Ra6 24. Ra5 Rxa5 25. Qxa5 Rg8 26. Rc1 c6 27. Qc5
Rxg3 28. Qd6+ {Black resigns} 1-0

[Event "Team 45 45 League T60"]
[Site "Internet Chess Club"]
[Date "2014.03.23"]
[Round "4"]
[White "TerryMalloy"]
[Black "gump12345"]
[Result "1-0"]
[WhiteElo "1949"]
[BlackElo "1984"]
[Opening "Blackmar-Diemer gambit"]
[ECO "D00"]
[Time "16:04:36"]
[TimeControl "2700+45"]

1. d4 Nf6 2. Nc3 d5 3. e4 dxe4 4. f3 exf3 5. Nxf3 g6 6. Bc4 Bg7 7. O-O O-O 8.
Qe1 Nc6 9. Qh4 Bf5 10. Bb3 Ng4 11. h3 Bxd4+ 12. Kh1 Bf6 13. Bg5 Ne3 14. Rf2 Na5
15. Re1 Nxb3 16. Rxe3 Nd4 17. Bxf6 Nxf3 18. Rexf3 exf6 19. Rxf5 gxf5 20. Rxf5
Re8 21. Nd5 Re6 22. Nxf6+ Rxf6 23. Rxf6 Qd1+ 24. Kh2 Re8 25. Qg3+ Kf8 26. Qxc7
Re7 27. Qc8+ Kg7 28. Rf3 Qd6+ 29. Rg3+ Kf6 30. Qc3+ Kf5 31. Qd3+ Qxd3 32. Rxd3
Rc7 33. c3 f6 34. Kg3 Ke4 35. Rf3 Rg7+ 36. Kf2 Ke5 37. g4 Rd7 38. Ke2 Ke6 39.
Re3+ Kf7 40. c4 b6 41. Rd3 Rc7 42. Rd4 Ke6 43. Kd3 f5 44. gxf5+ Kxf5 45. Kc3 Ke6
46. b4 Ke5 47. Rh4 Rf7 48. Rh5+ Kd6 49. Rh6+ Kc7 50. c5 bxc5 51. bxc5 Rd7 52.
Kb4 Rf7 53. a4 Rf4+ 54. Kb5 Rf7 55. h4 Re7 56. h5 Rf7 57. Ka6 Kc8 58. c6 Re7 59.
Rf6 Kc7 60. a5 Re5 61. h6 Rh5 62. Rf7+ Kxc6 63. Rxh7 Kd6 64. Rh8 Kc5 65. h7 Rh6+
66. Kxa7 {Black resigns} 1-0

[Event "Team 45 45 League T60"]
[Site "Internet Chess Club"]
[Date "2014.03.22"]
[Round "4"]
[White "perikitosax"]
[Black "SaltofLife"]
[Result "1/2-1/2"]
[WhiteElo "1992"]
[BlackElo "1893"]
[Opening "Nimzo-Indian: three knights variation"]
[ECO "E21"]
[Time "15:08:52"]
[TimeControl "2700+45"]

1. d4 Nf6 2. c4 e6 3. Nf3 Bb4+ 4. Nc3 c5 5. g3 Ne4 6. Qd3 Qa5 7. Qxe4 Bxc3+ 8.
Bd2 Bxd2+ 9. Nxd2 cxd4 10. Qxd4 O-O 11. Bg2 Nc6 12. Qe3 f5 13. O-O Qe5 14. Qxe5
Nxe5 15. Rac1 Rb8 16. Rfd1 b6 17. Nf3 Nf7 18. Rd2 Rd8 19. Rcd1 Kf8 20. Nd4 Ke7
21. Nb5 Bb7 22. Nxa7 Bxg2 23. Kxg2 Ra8 24. Nb5 Rxa2 25. Na3 d6 26. f4 Rc8 27.
Kf3 Rc6 28. Ke3 Nd8 29. Kd3 b5 30. cxb5 Rc5 31. e3 Nb7 32. Rc2 Rd5+ 33. Ke2 Rc5
34. Rdd2 Kd7 35. Rxc5 Nxc5 36. Rc2 Ra1 37. Kd2 Ne4+ 38. Kd3 Rd1+ 39. Kc4 Kc7 40.
Kb4+ Kb7 41. Nc4 Kb8 42. b6 Kb7 43. Kb5 Rd5+ 44. Kb4 Rd3 45. Kb5 Rd5+ 46. Kb4
Rd3 47. Na5+ Kxb6 48. Rc6+ Ka7 49. Rc7+ Kb6 50. Rc6+ Ka7 51. Rc7+ Kb6 52. Rc6+
{Game drawn by repetition} 1/2-1/2

[Event "Team 45 45 League T60"]
[Site "Internet Chess Club"]
[Date "2014.03.25"]
[Round "4"]
[White "fledermaus"]
[Black "laurenpar"]
[Result "1-0"]
[WhiteElo "1911"]
[BlackElo "1906"]
[Opening "Dutch defense"]
[ECO "A90"]
[Time "04:01:59"]
[TimeControl "2700+45"]

1. d4 e6 2. c4 f5 3. g3 Nf6 4. Bg2 c6 5. Nf3 d5 6. O-O Bd6 7. b3 Qe7 8. Bb2 b6
9. Nbd2 Bb7 10. Ne5 O-O 11. Ndf3 Nbd7 12. Nd3 dxc4 13. bxc4 c5 14. e3 Be4 15.
Qb3 Rac8 16. Rac1 Ng4 17. h3 Nh6 18. Rfd1 Nf7 19. Rd2 Rc7 20. Nde5 Bxe5 21. Nxe5
Ndxe5 22. dxe5 Rd8 23. Rcd1 Rcd7 24. Rxd7 Rxd7 25. f3 Bc6 26. f4 Bxg2 27. Kxg2
Qd8 28. Rxd7 Qxd7 29. Qc2 Nd8 30. Bc3 Nb7 31. g4 g6 32. Kg3 Qc6 33. Qg2 Nd8 34.
Qxc6 Nxc6 35. a3 a5 36. Kf3 a4 37. e4 fxg4+ 38. Kxg4 h6 39. h4 Na7 40. f5 Kf7
41. Bd2 b5 42. Bxh6 b4 43. Bc1 Nc6 44. Bb2 Na5 45. Kg5 gxf5 46. exf5 exf5 47.
Kxf5 Nxc4 48. e6+ Kf8 49. Bf6 bxa3 50. h5 a2 51. h6 Ne3+ 52. Kg6 Ng4 53. h7
{Black resigns} 1-0

[Event "Team 45 45 League T60"]
[Site "Internet Chess Club"]
[Date "2014.03.23"]
[Round "4"]
[White "arhrid"]
[Black "jonesey"]
[Result "1/2-1/2"]
[WhiteElo "1789"]
[BlackElo "1892"]
[Opening "Ruy Lopez: old Steinitz defense"]
[ECO "C62"]
[Time "10:09:31"]
[TimeControl "2700+45"]

1. e4 e5 2. Nf3 Nc6 3. Bb5 d6 4. d4 Bd7 5. O-O Nf6 6. Re1 Be7 7. c3 O-O 8. h3
Nxd4 9. Nxd4 exd4 10. Bxd7 Qxd7 11. cxd4 Rfe8 12. Nc3 b5 13. Bf4 c6 14. Qd3 b4
15. Ne2 Bf8 16. Ng3 g6 17. Rad1 Qb7 18. Qf3 Nd7 19. e5 dxe5 20. Bxe5 Nxe5 21.
dxe5 Bg7 22. Qe3 Rxe5 23. Qb3 Rae8 24. Rxe5 Bxe5 25. Ne4 Bh2+ 26. Kxh2 Rxe4 27.
Rd8+ Kg7 28. Qd3 Qc7+ 29. g3 Qe5 30. Rd7 Re2 31. Qf3 Qf5 32. Rxf7+ Qxf7 33. Qxe2
Qxa2 34. Qe5+ Kg8 35. Qb8+ Kg7 36. Qxb4 a5 37. Qd4+ Kg8 38. Qd8+ Kg7 39. Qd4+
Kg8 40. Qd8+ Kg7 41. Qc7+ Kg8 42. Qb8+ Kg7 43. Qb7+ Kg8 44. Qb8+ Kg7 45. Qe5+
Kg8 46. Qe8+ Kg7 47. Qe5+ Kg8 {Game drawn by mutual agreement} 1/2-1/2

[Event "Team 45 45 League T60"]
[Site "Internet Chess Club"]
[Date "2014.03.20"]
[Round "4"]
[White "MBAStudent"]
[Black "backrankbrawler"]
[Result "1-0"]
[WhiteElo "1759"]
[BlackElo "1736"]
[Opening "Scotch gambit: Dubois-Réti defense"]
[ECO "C55"]
[Time "20:04:53"]
[TimeControl "2700+45"]

1. e4 e5 2. Nf3 Nc6 3. d4 exd4 4. Bc4 Nf6 5. e5 Ne4 6. O-O d5 7. exd6 Nxd6 8.
Re1+ Be7 9. Bd5 O-O 10. Bxc6 bxc6 11. Nxd4 Bb7 12. Nb3 Nf5 13. Qf3 Nh4 14. Qe4
Bd6 15. g3 Re8 16. Qxe8+ Qxe8 17. Rxe8+ Rxe8 18. gxh4 Re1+ 19. Kg2 c5+ 20. f3 c4
21. Bd2 Re2+ 22. Kf1 Rxh2 23. Na5 Bxf3 24. Be3 Bg3 25. Nc3 f5 26. Nxc4 Rxh4 27.
Nd2 Bb7 28. Bxa7 Rh1+ 29. Bg1 f4 30. Ke2 Ba6+ 31. Kf3 Bb7+ 32. Nde4 g5 33. Kg4
h5+ 34. Kxg5 h4 35. Rd1 h3 36. Nf6+ Kf7 37. Ng4 Bf3 38. Ne5+ Ke6 39. Nxf3 {Black
resigns} 1-0

[Event "Team 45 45 League T60"]
[Site "Internet Chess Club"]
[Date "2014.03.24"]
[Round "4"]
[White "amicusUK"]
[Black "kidcobra"]
[Result "0-1"]
[WhiteElo "1646"]
[BlackElo "1838"]
[Opening "King's Indian: East Indian defense"]
[ECO "A48"]
[Time "15:42:16"]
[TimeControl "2700+45"]

1. d4 Nf6 2. Nf3 g6 3. Nbd2 d6 4. e4 Bg7 5. c3 O-O 6. Qc2 Nbd7 7. Be2 c6 8. O-O
e5 9. dxe5 dxe5 10. Rd1 Nh5 11. Nb3 Qe7 12. Be3 f5 13. exf5 gxf5 14. Ne1 f4 15.
Bxh5 fxe3 16. fxe3 Qg5 17. Qe2 Nf6 18. Bf3 Bh6 19. e4 Ng4 20. Nc2 Qf4 21. Bxg4
Bxg4 22. Qc4+ Kh8 23. Rf1 Qg5 24. Qd3 Qh5 25. Rxf8+ Rxf8 26. Rf1 Bf4 27. g3 Be2
28. Qd6 Qf7 29. Rf2 Be3 30. Qxe5+ Kg8 31. Qg5+ Bxg5 32. Rxf7 Rxf7 33. Nbd4 Bd3
34. e5 Bxc2 35. Nxc2 Re7 36. Nd4 Be3+ 37. Kf1 Bxd4 {White resigns} 0-1

[Event "Team 45 45 League T60"]
[Site "Internet Chess Club"]
[Date "2014.03.21"]
[Round "4"]
[White "John3v16"]
[Black "losscause"]
[Result "1-0"]
[WhiteElo "1635"]
[BlackElo "1563"]
[Opening "King's Indian, 3.Nf3"]
[ECO "E61"]
[Time "23:01:37"]
[TimeControl "2700+45"]

1. d4 Nf6 2. Nf3 g6 3. c4 Bg7 4. Nc3 c5 5. d5 d6 6. e4 O-O 7. h3 e5 8. Bg5 Qa5
9. Bd3 Nfd7 10. O-O f6 11. Be3 Qd8 12. a4 b6 13. Nb5 Na6 14. Nxd6 Nb4 15. Qd2
Nb8 16. Nxc8 Qxc8 17. g4 N8a6 18. Be2 h5 19. Nh4 Kh7 20. Kh2 Qd8 21. gxh5 g5 22.
Nf5 Nc7 23. h4 Ne8 24. hxg5 fxg5 25. Bxg5 Bf6 26. Bh6 Rg8 27. Rg1 Ng7 28. Bg4
Nc2 29. Rad1 Nd4 30. Nxg7 Bxg7 31. Bg5 Qf8 32. Rg3 Bh6 33. Bxh6 Qxh6 34. Qxh6+
Kxh6 35. Kh3 Raf8 36. Rg2 Rf4 37. Rdg1 Rgf8 38. Bd1 Nf3 39. Bxf3 Rxf3+ 40. Kh4
R8f7 41. Rg6+ Kh7 42. R1g2 R3f4+ 43. R6g4 R4f6 44. Kh3 Rf3+ 45. Kh4 R3f6 46. Rg8
Rf4+ 47. Kh3 Rxe4 48. Ra8 Rxc4 49. Rgg8 Kh6 50. Rh8+ Rh7 51. Rxh7+ Kxh7 52.
Rxa7+ Kh6 53. d6 Rd4 54. d7 Kxh5 55. a5 bxa5 56. Rxa5 Rxd7 57. Rxc5 Rd3+ 58. Kg2
Rd2 59. Rxe5+ Kg4 60. b4 Rb2 61. Rb5 Kf4 62. Rb8 Ke5 63. Kg3 Kd6 64. f4 Kc7 65.
Rb5 Kc6 66. Rc5+ Kd6 67. Rb5 Kc6 68. Rb8 Kc7 69. Re8 Rxb4 70. Kg4 Rb1 71. f5
Rg1+ 72. Kh5 Rh1+ 73. Kg6 Rg1+ 74. Kf7 Kd7 75. f6 Rf1 76. Rg8 Rf2 77. Rg6 Rf3
78. Kf8 Kd8 79. f7 Rf2 80. Re6 Kd7 81. Rg6 Rf1 82. Rg4 Rf2 83. Kg8 Rf5 84. f8=Q
Rxf8+ 85. Kxf8 Ke6 86. Ke8 Kf6 87. Re4 Kf5 88. Re2 Kf6 89. Kd7 Kf5 90. Kd6 Kf4
91. Re5 Kf3 92. Kd5 Kf4 93. Kd4 Kf3 94. Re4 Kf2 95. Re3 Kg2 96. Kd3 Kf2 97. Kd2
Kg1 98. Ke2 Kg2 99. Rf3 Kh2 100. Kf2 Kh1 101. Rh3# {Black checkmated} 1-0

[Event "Team 45 45 League T60"]
[Site "Internet Chess Club"]
[Date "2014.03.24"]
[Round "4"]
[White "JeffH"]
[Black "semperfi"]
[Result "1-0"]
[WhiteElo "1629"]
[BlackElo "1379"]
[Opening "French: exchange variation"]
[ECO "C01"]
[Time "19:00:20"]
[TimeControl "2700+45"]

1. e4 e6 2. d4 d5 3. exd5 exd5 4. c4 c5 5. Nf3 Nf6 6. Be2 Nc6 7. cxd5 Nxd5 8.
Nc3 Nxc3 9. bxc3 Be6 10. O-O Be7 11. Be3 b6 12. Bb5 Rc8 13. Ne5 Bd7 14. Nxd7
Qxd7 15. d5 O-O 16. Bxc6 Qf5 17. Qa4 a5 18. Bd7 {Black resigns} 1-0

[Event "Team 45 45 League T60"]
[Site "Internet Chess Club"]
[Date "2014.03.22"]
[Round "4"]
[White "frank001"]
[Black "zugknightly"]
[Result "1/2-1/2"]
[WhiteElo "1802"]
[BlackElo "1852"]
[Opening "King's Indian: Makagonov system (5.h3)"]
[ECO "E71"]
[Time "21:07:46"]
[TimeControl "2700+45"]

1. d4 Nf6 2. c4 g6 3. Nc3 Bg7 4. e4 d6 5. h3 O-O 6. Bg5 Na6 7. Nf3 Qe8 8. Bd3 e5
9. O-O exd4 10. Nxd4 Nc5 11. Re1 Nxd3 12. Qxd3 a6 13. Rad1 h6 14. Bf4 Be6 15. b3
Qc8 16. Qd2 Kh7 17. Re3 Nd7 18. Rg3 Nf6 19. Be3 Nh5 20. Rf3 Qd7 21. Nd5 Bxd5 22.
exd5 Nf6 {Game drawn by mutual agreement} 1/2-1/2

[Event "Team 45 45 League T60"]
[Site "Internet Chess Club"]
[Date "2014.03.23"]
[Round "4"]
[White "rayonline53"]
[Black "OneDirection"]
[Result "1/2-1/2"]
[WhiteElo "1513"]
[BlackElo "1537"]
[Opening "Sicilian: Najdorf"]
[ECO "B90"]
[Time "18:00:20"]
[TimeControl "2700+45"]

1. e4 c5 2. Nf3 d6 3. d4 cxd4 4. Nxd4 Nf6 5. Nc3 a6 6. a3 e6 7. Bc4 Nc6 8. Be3
Be7 9. Bb3 O-O 10. O-O Qc7 11. f4 Nxd4 12. Bxd4 b5 13. Qe2 Bb7 14. Rad1 Rfd8 15.
e5 Nd7 16. exd6 Bxd6 17. Qg4 f6 18. Bxe6+ Kh8 19. Rd3 Nc5 20. Rg3 Nxe6 21. Qxe6
Qd7 22. Qxd7 Rxd7 23. Rd3 Re8 24. Rfd1 Bxf4 25. g3 Bb8 26. Bb6 Rxd3 27. Rxd3 Bc6
28. Kf2 Kg8 29. Rd8 Rxd8 30. Bxd8 Be5 31. Ba5 Bxc3 32. Bxc3 Be4 33. Ke3 Bxc2 34.
Kd4 Kf7 35. Kc5 Ke6 36. Kb6 Bd3 37. b4 Kd5 38. Kxa6 Kc4 39. Bd2 Kb3 40. Kb6 Kxa3
41. Kc5 Kb3 42. Bf4 Bc4 43. h4 Kc3 44. Bd6 Kd3 45. Bf8 g6 46. Bg7 f5 47. Be5 Ke4
48. Bd6 Kf3 49. Be5 Kg4 50. Bf4 Kh5 51. Kd6 h6 52. Ke7 g5 53. hxg5 hxg5 54. Be5
Kg4 55. Kf6 Bb3 56. Bd6 f4 57. gxf4 gxf4 58. Bc5 f3 59. Bf2 Kf4 60. Ke7 Ke5 61.
Kd7 Kd5 62. Kc7 Kc4 63. Bc5 Kc3 64. Kd6 Kd3 65. Bf2 Bf7 66. Ke5 Ke2 67. Bc5 Bg6
68. Kf4 Bh7 69. Kg3 Be4 70. Bb6 Bc6 71. Bc5 Kd3 72. Kf2 Kc4 73. Ke3 Bb7 74. Kf2
Ba8 75. Ke3 Kc3 76. Kf2 Bb7 77. Ke3 Kc4 78. Kf2 Kd3 79. Bb6 Kd2 80. Bc5 Kc2 81.
Bb6 Kc3 82. Bc5 Kc2 83. Bb6 Kc3 84. Bc5 Kc2 {Game drawn by repetition} 1/2-1/2

[Event "Team 45 45 League T60"]
[Site "Internet Chess Club"]
[Date "2014.03.23"]
[Round "4"]
[White "dabodhi"]
[Black "Signalman"]
[Result "0-1"]
[WhiteElo "1400"]
[BlackElo "1690"]
[Opening "French: Paulsen variation"]
[ECO "C10"]
[Time "14:39:52"]
[TimeControl "2700+45"]

1. e4 e6 2. d4 d5 3. Nc3 Be7 4. Bb5+ c6 5. Bd3 b6 6. e5 Ba6 7. Be3 Bxd3 8. Qxd3
Nd7 9. Nh3 c5 10. Nb5 cxd4 11. Bxd4 Nc5 12. Qg3 g6 13. Nd6+ Bxd6 14. exd6 Nf6
15. Qe5 Ncd7 16. Qg5 O-O 17. O-O Ne4 18. Qh6 f6 19. f3 Nxd6 20. Ng5 Qe7 21. Nh3
e5 22. Rfe1 Rac8 23. c3 Nf5 24. Qd2 Rfe8 25. Nf2 Nxd4 26. cxd4 Qd6 27. Ng4 exd4
28. Nh6+ Kg7 29. Ng4 Ne5 30. Qxd4 Nxg4 31. Qxg4 Rxe1+ 32. Rxe1 Rc2 33. Re6 Qc5+
34. Kf1 Qf2# {White checkmated} 0-1

[Event "Team 45 45 League T60"]
[Site "Internet Chess Club"]
[Date "2014.03.23"]
[Round "4"]
[White "werty"]
[Black "JOFRAN"]
[Result "1-0"]
[WhiteElo "1529"]
[BlackElo "1241"]
[Opening "Dutch"]
[ECO "A80"]
[Time "10:08:51"]
[TimeControl "2700+45"]

1. d4 f5 2. Bf4 e6 3. e3 Nf6 4. Nf3 d5 5. c4 c6 6. Nc3 Be7 7. h3 Bd6 8. Bxd6
Qxd6 9. cxd5 cxd5 10. Qb3 O-O 11. Rc1 Qb6 12. Qxb6 axb6 13. a3 Nc6 14. Bb5 Bd7
15. O-O Ne4 16. Rc2 Nxc3 17. Rxc3 Ra5 18. Bxc6 Bxc6 19. Rfc1 Rc8 20. Ne5 h6 21.
Nxc6 bxc6 22. Rxc6 Rxc6 23. Rxc6 Rb5 24. b4 Kf7 25. g3 Ke7 26. Kg2 Kd7 27. Rc3
g6 28. Kf3 Kd8 29. Kf4 g5+ 30. Ke5 Kd7 31. Kf6 e5 32. Kxe5 Kd8 33. Kxf5 Kd7 34.
Kg6 Ke6 35. g4 h5 36. Kxh5 Kf6 37. f3 Ke6 38. Kxg5 Ke7 39. h4 Kf7 40. h5 Kg7 41.
Kf5 Kh6 42. Ke5 {Black resigns} 1-0

[Event "Team 45 45 League T60"]
[Site "Internet Chess Club"]
[Date "2014.03.23"]
[Round "4"]
[White "Electryon"]
[Black "rookmaster23"]
[Result "0-1"]
[WhiteElo "1506"]
[BlackElo "1597"]
[Opening "King's Indian: East Indian defense"]
[ECO "D94"]
[Time "15:06:00"]
[TimeControl "2700+45"]

1. d4 Nf6 2. Nf3 g6 3. e3 Bg7 4. c4 O-O 5. Nc3 d5 6. b3 c6 7. Bb2 Bf5 8. Bd3 Qd7
9. O-O Rd8 10. Ne5 Qc8 11. Rc1 dxc4 12. Bxc4 e6 13. Ne2 Nbd7 14. f4 Nxe5 15.
fxe5 Ng4 16. Qd2 Nxe5 17. Ng3 Nxc4 18. Rxc4 Qd7 19. Nxf5 exf5 20. Qf2 Rac8 21.
Qf4 c5 22. Rfc1 cxd4 23. Bxd4 Bxd4 24. Qxd4 Qxd4 25. exd4 Rxc4 26. Rxc4 Kg7 27.
Kf2 Kf6 28. Ke3 g5 29. g3 h5 30. h3 Re8+ 31. Kd3 f4 32. gxf4 gxf4 33. Kd2 Kg5
34. Rc7 Kh4 35. Rxf7 Kg3 36. Rg7+ Kxh3 37. Rg1 f3 38. Rh1+ Kg2 39. Rxh5 Rg8 40.
Re5 f2 41. Re2 Kg1 {White resigns} 0-1

[Event "Team 45 45 League T60"]
[Site "Internet Chess Club"]
[Date "2014.03.24"]
[Round "4"]
[White "sdcohle"]
[Black "ChessMaine"]
[Result "0-1"]
[WhiteElo "1398"]
[BlackElo "1524"]
[Opening "Queen's pawn game"]
[ECO "D04"]
[Time "21:32:53"]
[TimeControl "2700+45"]

1. d4 d5 2. Nf3 Nf6 3. e3 Bg4 4. c4 e6 5. a3 c6 6. Nbd2 Be7 7. Be2 Nbd7 8. O-O
O-O 9. b4 Qc7 10. h3 Bh5 11. c5 e5 12. Nxe5 Bxe2 13. Qxe2 Nxe5 14. dxe5 Qxe5 15.
Rb1 Rfe8 16. Bb2 Qe6 17. Nf3 Ne4 18. Rbc1 Bf6 19. Rc2 Bxb2 20. Rxb2 Rad8 21. Nd4
Qd7 22. Qd3 Re5 23. f4 Rh5 24. Rf3 f5 25. Kh2 Qe7 26. Rc2 Rf8 27. Qe2 Nf6 28.
Rg3 g6 29. Kg1 Re8 30. Qd3 Ne4 31. Rf3 Qh4 32. Qe2 Qe7 33. Qe1 Nf6 34. Rg3 Qe4
35. Qe2 Qe7 36. Qd3 Ne4 37. Rf3 Nf6 38. Rg3 Qe4 39. Qe2 Qxd4 40. Rd2 Qe4 41. Kf2
Qe7 42. Kg1 Rh4 43. Qf3 Ne4 44. Rd3 Nxg3 45. Qxg3 d4 46. Kh2 dxe3 47. Rxe3 Qxe3
48. Qxh4 Kg7 49. Qg5 Qxa3 50. h4 h6 51. Qg3 Qxg3+ 52. Kxg3 Re4 53. Kf3 Rxb4
{White resigns} 0-1